 Dungeon Crawl Stone Soup version 0.30.1-10-g1249ef9ec4 (webtiles) character file.

Game seed: 7463798575248326943

317 lonewolfV2 the Trooper (level 6, -2/72 HPs)
             Began as a Demonspawn Fighter on Oct 26, 2023.
             Slain by a gnoll
             ... wielding a +4 antimagic spear
              (11 damage)
             ... on level 4 of the Dungeon.
             The game lasted 00:04:31 (3427 turns).

lonewolfV2 the Trooper (Demonspawn Fighter)         Turns: 3427, Time: 00:04:31

Health: -2/72      AC: 23    Str: 18    XL:     6   Next: 20%
Magic:  0/6        EV:  2    Int: 16    God:
Gold:   165        SH:  4    Dex: 12    Spells: 5/5 levels left

rFire   + . .        a - +0 war axe
rCold   . . .        c - +0 buckler
rNeg    . . .        p - melded +3 leather armour of the Storm King {rPois MP-9 Str+5 Int-5}
rPois   +            (helmet currently unavailable)
rElec   .            (cloak currently unavailable)
rCorr   .            (gloves currently unavailable)
SInv    .            (boots currently unavailable)
Will    .....        (no amulet)
Stlth   +            g - ring of protection from fire
HPRegen 0.32/turn    k - +6 ring of intelligence
MPRegen 0.10/turn

%: no passive effects
@: brilliant, agile, tree-form
A: stationary, stasis, torment immunity, boosted hp, (hooves 1), foul stench 1,
powered by pain 1, (sturdy frame 1)
a: no special abilities


You were on level 4 of the Dungeon.
You were a tree.
You visited 1 branch of the dungeon, and saw 4 of its levels.

You collected 165 gold pieces.

Inventory:

Hand Weapons
 a - a +0 war axe (weapon)
Missiles
 i - a throwing net (quivered)
Armour
 b - a +1 scale mail
 c - a +0 buckler (worn)
 d - a +0 chain mail
 p - the +3 leather armour of the Storm King (melded) {rPois MP-9 Str+5 Int-5}
   (You found it on level 2 of the Dungeon)

   Str:       It affects your strength (+5).
   Int:       It affects your intelligence (-5).
   rPois:     It protects you from poison.
   MP:        It affects your magic capacity (-9).
Jewellery
 g - a ring of protection from fire (left branch)
 k - a +6 ring of intelligence (right branch)
Scrolls
 n - 2 scrolls of vulnerability {unknown}
 o - a scroll of teleportation
 q - 2 scrolls of identify
 r - a scroll of enchant armour
Potions
 e - a potion of curing
 f - 2 potions of resistance
 l - 2 potions of flight
 m - 2 potions of lignification


   Skills:
 + Level 4.2 Fighting
 + Level 3.1 Axes
 + Level 3.8 Armour
 * Level 1.8 Dodging
 - Level 3.5 Shields


You had 5 spell levels left.
You didn't know any spells.
Your spell library contained the following spells:

 Spells                   Type           Power      Damage    Failure   Level
 Stone Arrow              Conj/Erth      0%         3d7       67%         3
 Animate Armour           Summ/Erth      0%         N/A       97%         4
 Lehudib's Crystal Spear  Conj/Erth      0%         10d2      100%        8


Dungeon Overview and Level Annotations

Branches:
Dungeon (4/15)
 Temple: D:4-7

Altars:

Shops:
D:3 *


Innate Abilities, Weirdness & Mutations

You are a tree.
Your roots penetrate the ground, keeping you stationary.
You cannot be teleported.
You are immune to unholy pain and torment.
Your maximum health is greatly increased.
Your equipment is partially melded.
((You have large cloven feet.))
You may rarely emit foul miasma when damaged in melee.
You sometimes gain a little power by taking damage.
((Your movements are slightly less encumbered by armour. (ER -2)))


Message History

The gnoll is severely wounded.
You block the gnoll's attack. x2
You barely miss the gnoll. You kick the gnoll.
You kill the gnoll!
The gnoll hits you but does no damage.
The gnoll hits you from afar with a +4 antimagic spear.
* * * LOW HITPOINT WARNING * * *
You block the gnoll's attack. The gnoll hits you with a +0 spear.
* * * LOW HITPOINT WARNING * * *
The gnoll hits you with a +4 antimagic spear.
* * * LOW HITPOINT WARNING * * *
There is an open door, spattered with blood here.
Things that are here:
a +0 club; a +0 halberd It was a potion of brilliance.
You feel clever all of a sudden. The gnoll misses you.
The gnoll completely misses you.
It was a potion of curing.
You feel better. The gnoll hits you but does no damage.
The gnoll hits you with a +4 antimagic spear.
* * * LOW HITPOINT WARNING * * *
It was a potion of magic.
Magic courses through your body. The gnoll hits you with a +0 spear.
* * * LOW HITPOINT WARNING * * *
You emit a cloud of foul miasma!
You block the gnoll's attack.
It was a potion of lignification.
You turn into a tree.
The +3 leather armour of the Storm King {rPois MP-9 Str+5 Int-5} melds into your body.
You feel your magic capacity increase.
Your roots penetrate the ground.
The gnoll is engulfed in dark miasma.
The gnoll is poisoned.
The gnoll hits you but does no damage. x2
You closely miss the gnoll. You hit the gnoll.
The gnoll hits you with a +4 antimagic spear.
* * * LOW HITPOINT WARNING * * *
The gnoll is engulfed in dark miasma.
The gnoll looks even sicker.
The gnoll seems to slow down.
The gnoll hits you with a +0 spear.
* * * LOW HITPOINT WARNING * * *
You hit the gnoll but do no damage. x2; The gnoll is no longer moving slowly.
The gnoll hits you with a +4 antimagic spear!
You die...

##+#### #########
....... #........
....... ##........
....... #.........
....... #.........
....... #.........
......g########.........
....>.g♣...........>....
.......##..####........)
....... #..# #.###...))
....... #..# #........)
....... #..########.###.
....... #.........#.###.
....... ####..........+.
....... ....#####†###.#.
###. #.# ####


You could see 2 gnolls.

Vanquished Creatures
  A scorpion (D:4)
  A hound (D:3)
  An orc priest (D:4)
  Terence (D:2)
  An orc wizard (D:4)
  2 gnolls (D:4)
  6 adders
  A worm (D:2)
  2 dart slugs (D:1)
  6 orcs
  6 endoplasms
  4 giant cockroaches
  7 goblins
  7 hobgoblins
  3 quokkas
  2 ball pythons
  5 bats
  4 frilled lizards
  7 kobolds
  4 rats
71 creatures vanquished.

Notes
Turn   | Place    | Note
-------+----------+-------------------------------------------
     0 | D:1      | lonewolfV2 the Demonspawn Fighter began the quest for the
                  | Orb.
     0 | D:1      | Reached XP level 1. HP: 18/18 MP: 1/1
   183 | D:1      | Gained mutation: You sometimes gain a little power by
                  | taking damage. [demonic ancestry]
   183 | D:1      | Reached XP level 2. HP: 19/24 MP: 2/2
   519 | D:1      | Gained mutation: You may rarely emit foul miasma when
                  | damaged in melee. [demonic ancestry]
   519 | D:1      | Reached XP level 3. HP: 29/29 MP: 3/3
   895 | D:2      | Noticed Terence
   909 | D:2      | Killed Terence
  1210 | D:2      | Gained mutation: Your movements are slightly less
                  | encumbered by armour. (ER -2) [demonic ancestry]
  1210 | D:2      | Reached XP level 4. HP: 36/36 MP: 4/4
  1701 | D:2      | Identified the +3 leather armour of the Storm King {rPois
                  | MP-9 Str+5 Int-5}
  2348 | D:3      | Gained mutation: You have large cloven feet. [demonic
                  | ancestry]
  2348 | D:3      | Reached XP level 5. HP: 27/42 MP: 0/5
  2415 | D:3      | Found Asiv's General Store.
  3098 | D:4      | Reached skill level 4 in Fighting
  3099 | D:4      | Reached skill level 1 in Dodging
  3101 | D:4      | Reached XP level 6. HP: 34/48 MP: 0/6
  3427 | D:4      | Slain by a gnoll

Illustrated notes

Levels and vault maps discovered:
D:1:      lightli_arrival_isolated_outpost, layout_basic,
          minmay_misc_feat_columns, corner_web_ring
D:2:      layout_basic, kennysheep_generic_room_13, uniq_terence
D:3:      layout_loops_corners, serial_shops, shop, nicolae_hexahallways
D:4:      layout_basic, mainiacjoe_overflow_alcove_4,
          minmay_temple_entry_nine_rooms, guppyfry_early_lair_pool

Skill      XL: |  1  2  3  4  5 |
---------------+----------------+-----
Axes           | 2 3 |  3.1
Shields        | 3 |  3.5
Armour         | 3 |  3.8
Fighting       | 4 |  4.2
Dodging        | 1 |  1.8

Action                     |  1- 3 |  4- 6 || total
---------------------------+-------+-------++-------
  Melee: War axe           |    92 |   105 ||   197
         Kick              |       |     6 ||     6
    Use: Scroll            |     2 |     4 ||     6
         Potion            |     1 |     4 ||     5
   Stab: Sleeping          |       |     1 ||     1
 Armour: Scale mail        |    62 |       ||    62
         Chain mail        |     7 |    18 ||    25
         Leather armour    |       |    38 ||    38
         Skin              |       |     2 ||     2
  Dodge: Dodged            |    48 |    54 ||   102
  Block: Buckler           |    29 |    27 ||    56
